 Dungeon Sprint DCSS version 0.17-a0-1951-g62301d3 (webtiles) character file.

2028 Kidiri the Covert (level 9, -1/39 HPs)
             Began as a Spriggan Enchanter on Oct 2, 2015.
             Was an Initiate of Dithmenos.
             Slain by a tentacle (18 damage)
             ... attached to a kraken
             ... in the Dungeon (Sprint II: "The Violet Keep of Menkaure").
             The game lasted 00:06:25 (789 turns).

Kidiri the Covert (Spriggan Enchanter)               Turns: 789, Time: 00:06:25

Health: -1/39      AC:  5    Str:  4    XL:     9   Next: 3%
Magic:  24/24      EV: 29    Int: 18    God:    Dithmenos [......]
Gold:   172        SH:  0    Dex: 18    Spells: 8 memorised, 5 levels left

rFire  . . .     SeeInvis +     a - +1 dagger
rCold  . . .     Clarity  .     k - +3 robe "Seots" {rElec rCorr}
rNeg   . . .     SustAt   .     (shield restricted)
rPois  .         Gourm    .     (helmet restricted)
rElec  +         Spirit   .     (no cloak)
rCorr  +         Warding  .     (gloves unavailable)
rMut   .         NoTele   +     (boots unavailable)
MR     +....                    (no amulet)
Stlth  +++.......               (no ring)
                                (no ring)

@: very quick, somewhat resistant to hostile enchantments, fairly stealthy
A: unfitting armour, see invisible, herbivore 3, speed 3, slow metabolism 2
a: Renounce Religion


You were in the Dungeon.
You worshipped Dithmenos.
Dithmenos was noncommittal.
You were not hungry.

You visited 1 branch You collected 1053 gold pieces.
You spent 881 gold pieces at shops.

Inventory:

Hand weapons
 a - a +1 dagger (weapon)
Armour
 b - a +1 robe
 k - the +3 robe "Seots" (worn) {rElec rCorr}
   (You bought it in a shop in the Dungeon)

   It insulates you from electricity.
   It protects you from acid and corrosion.
Scrolls
 i - a scroll of immolation {unknown}
 j - a scroll of blinking
Potions
 e - a potion of curing
 f - a potion of heal wounds
 g - a potion of haste
 h - 2 potions of magic
Books
 c - a book of Maledictions

   Spells                             Type                      Level
   a - Corona                         Hexes                        1
   b - Ensorcelled Hibernation        Hexes/Ice                    2
   c - Confuse                        Hexes                        3
   d - Tukima's Dance                 Hexes                        3
   e - Dazzling Spray                 Conjuration/Hexes            3
 l - a book of Burglary

   Spells                             Type                      Level
   a - Swiftness                      Charms/Air                   2
   b - Passwall                       Transmutation/Earth          3
   c - Passage of Golubria            Translocation                4
   d - Lee's Rapid Deconstruction     Earth                        5
   e - Darkness                       Hexes                        6
   f - Invisibility                   Hexes                        6
Comestibles
 d - a bread ration


   Skills:
 * Level 9.5 Short Blades
 * Level 12.2 Dodging
 * Level 13.4 Stealth
 * Level 10.6 Spellcasting
 + Level 3.8 Conjurations
 + Level 8.1 Hexes
 + Level 3.8 Translocations
 + Level 3.2 Transmutations
 + Level 4.7 Ice Magic
 + Level 2.2 Earth Magic
 + Level 0.0 Invocations


You had 5 spell levels left.
You knew the following spells:

 Your Spells              Type           Power        Failure   Level  Hunger
a - Corona                Hex            #####..      1%          1    None
b - Ensorcelled Hibernat  Hex/Ice        ####..       1%          2    None
c - Confuse               Hex            #####...     1%          3    None
d - Tukima's Dance        Hex            #####...     1%          3    None
e - Dazzling Spray        Conj/Hex       ####....     1%          3    None
f - Passwall              Trmt/Erth      ###.......   10%         3    None
g - Passage of Golubria   Tloc           N/A          21%         4    ##.....
h - Lee's Rapid Deconstr  Erth           ###.......   87%         5    #####..


Dungeon Overview and Level Annotations

Branches:
Dungeon (1/1)

Altars:
Cheibriados
Dithmenos
Elyvilon
Fedhas
Gozag
Kikubaaqudgha
Makhleb
Nemelex Xobeh
Okawaru
Qazlal
Ru
Sif Muna
Trog
Vehumet
Xom
Yredelemnul
Zin
The Shining One
Beogh
Jiyva
Lugonu

Shops:
D =:[!:}!==%*?}[((

Annotations:
D exclusion: oklob plant


Innate Abilities, Weirdness & Mutations

You are tiny and cannot use many weapons and most armour.
You have supernaturally acute eyesight.
You are a herbivore.
You cover ground extremely quickly.
You need consume almost no food.


Message History

Unknown command.
There is a shimmering altar of Xom here.
Unknown command.
There is an open door here.
Unknown command.
You enter the shallow water.
Moving in this stuff is going to be slow.
You close the door.
Found 6 gold pieces, a whip, a club and a ring mail.
Found twelve items.
Found 43 gold pieces, 2 sapphire potions, a whip and an agate ring.
Found five items.
A kraken comes into view.
Tentacles burst out of the water!
The tentacle slaps you!!
Ouch! That really hurt!
The tentacle completely misses you.
Unknown command.
The tentacle misses you. The tentacle slaps you!!
You die...

#. ### +.### =▓($!($$$(▓▓
..# ...####▓$(!?[%$?▓▓ ..##
#..##)#▓!(?))()(▓▓ #..#
+..#%.#▓!!(!$?$$▓▓ #..#
#..#..#▓?(?$=?!)▓▓
+..####..##.#▓!!$$[($$▓▓
#§..§###...##▓▓▓▓▓▓▓+▓▓▓▓+▓
#§§.§..≈≈≈≈≈≈≈≈≈@w{{**.Xw≈▓
≈≈§....≈#+########+###*ww≈▓
≈≈≈≈≈..≈#..._._._#≈§≈ ≈≈▓
≈≈§≈≈≈.≈#.._._._.#§≈§≈# ▓
≈§≈≈≈≈≈§#._._._._#§§§§
≈≈≈≈§≈§≈#_._._._.#≈≈§§
≈≈≈≈§≈≈≈#._._._..#≈≈§§§
§≈§###≈≈#_._._...#§≈§
#≈≈#._.⌠....#§


You could see a kraken and 2 tentacles.

Vanquished Creatures
  A yaktaur (D)
  3 polar bears (D)
  2 boulder beetles (D)
  Menkaure (D)
  4 necrophages (D)
  A wasp (D)
  2 crocodiles (D)
  A hell rat (D)
  4 worker ants (D)
  3 worms (D)
22 creatures vanquished.

Vanquished Creatures (others)
  51 tentacle segments (D)
51 creatures vanquished.

Grand Total: 73 creatures vanquished

Notes
Turn   | Place    | Note
--------------------------------------------------------------
     0 | D        | Kidiri the Spriggan Enchanter began the quest for the Orb.
     0 | D        | Reached XP level 1. HP: 9/9 MP: 5/5
    10 | D        | Reached skill level 5 in Stealth
    11 | D        | Reached XP level 2. HP: 13/13 MP: 5/7
    27 | D        | Learned a level 2 spell: Ensorcelled Hibernation
    29 | D        | Noticed a worker ant
    29 | D        | Noticed a worker ant
    29 | D        | Noticed a worker ant
    29 | D        | Noticed a worker ant
    38 | D        | Noticed a necrophage
    38 | D        | Noticed a necrophage
    38 | D        | Noticed a necrophage
    38 | D        | Noticed a necrophage
    45 | D        | Killed a worker ant
    45 | D        | Reached skill level 5 in Dodging
    45 | D        | Reached skill level 6 in Stealth
    45 | D        | Reached XP level 3. HP: 16/16 MP: 7/9
    46 | D        | Killed a worker ant
    46 | D        | Reached skill level 1 in Ice Magic
    50 | D        | Killed a worker ant
    50 | D        | Reached skill level 7 in Stealth
    50 | D        | Reached skill level 5 in Spellcasting
    50 | D        | Reached XP level 4. HP: 21/21 MP: 8/12
    52 | D        | Killed a worker ant
    57 | D        | Learned a level 3 spell: Confuse
    61 | D        | Learned a level 3 spell: Tukima's Dance
    65 | D        | Learned a level 3 spell: Dazzling Spray
    89 | D        | Noticed a boulder beetle
    89 | D        | Noticed a boulder beetle
    96 | D        | Killed a necrophage
    96 | D        | Reached skill level 5 in Short Blades
    96 | D        | Reached skill level 8 in Stealth
    96 | D        | Reached skill level 1 in Conjurations
    96 | D        | Reached skill level 5 in Hexes
    96 | D        | Reached XP level 5. HP: 24/24 MP: 12/14
    97 | D        | Killed a necrophage
    97 | D        | Reached skill level 9 in Stealth
    97 | D        | Reached XP level 6. HP: 28/28 MP: 13/17
   101 | D        | Killed a necrophage
   101 | D        | Reached skill level 10 in Stealth
   103 | D        | Noticed Menkaure
   132 | D        | Killed a necrophage
   136 | D        | Killed Menkaure
   136 | D        | Reached XP level 7. HP: 16/32 MP: 4/19
   318 | D        | Killed a boulder beetle
   318 | D        | Reached skill level 10 in Dodging
   318 | D        | Reached skill level 11 in Stealth
   405 | D        | Killed a boulder beetle
   405 | D        | Reached skill level 12 in Stealth
   426 | D        | Noticed an obsidian statue
   431 | D        | Found Wijy Yre's Weapon Emporium.
   432 | D        | Found Guwece's Antique Armour Emporium.
   432 | D        | Found Sownesio's Gadget Shoppe.
   433 | D        | Noticed a hell rat
   435 | D        | Killed a hell rat
   439 | D        | Found Poeg's Assorted Antiques.
   439 | D        | Found Jiumegut's Food Shoppe.
   463 | D        | Noticed a flying skull
   463 | D        | Noticed a flying skull
   463 | D        | Noticed a flying skull
   463 | D        | Noticed a flying skull
   463 | D        | Noticed a flying skull
   464 | D        | Noticed a flying skull
   464 | D        | Noticed a flying skull
   465 | D        | Noticed a flying skull
   465 | D        | Noticed a flying skull
   465 | D        | Noticed a flying skull
   465 | D        | Noticed a flying skull
   465 | D        | Noticed a crocodile
   467 | D        | Killed a crocodile
   467 | D        | Reached XP level 8. HP: 36/36 MP: 20/22
   471 | D        | Noticed a flying skull
   504 | D        | Found Qusmepte's Antique Weapon Shoppe.
   504 | D        | Found Ekof's Magic Scroll Emporium.
   505 | D        | Found Galyun's Jewellery Emporium.
   505 | D        | Found Jaotwirch's Jewellery Shoppe.
   506 | D        | Found Umoeh's Distillery.
   506 | D        | Found Utyge's Gadget Shoppe.
   506 | D        | Found Maonad's Book Shoppe.
   507 | D        | Noticed a shining eye
   508 | D        | Found Apofrin's Distillery.
   508 | D        | Found Akumpuur's Antique Armour Emporium.
   508 | D        | Noticed a shining eye
   508 | D        | Noticed a shining eye
   508 | D        | Noticed an oklob plant
   509 | D        | Found Moahehets's Jewellery Shoppe.
   509 | D        | Found Dontin's Book Shoppe.
   510 | D        | Noticed a hippogriff
   511 | D        | Noticed a hippogriff
   512 | D        | Noticed a hippogriff
   513 | D        | Noticed a fire dragon
   525 | D        | Bought a heavily jewelled robe for 131 gold pieces
   535 | D        | Identified the +3 robe "Seots" {rElec rCorr} (You bought it in a shop in the Dungeon)
   545 | D        | Bought a book of Burglary for 750 gold pieces
   549 | D        | Learned a level 3 spell: Passwall
   554 | D        | Learned a level 4 spell: Passage of Golubria
   560 | D        | Learned a level 5 spell: Lee's Rapid Deconstruction
   677 | D        | Found a glowing silver altar of Zin.
   678 | D        | Found a stormy altar of Qazlal.
   680 | D        | Found a shimmering altar of Xom.
   680 | D        | Found an opulent altar of Gozag.
   681 | D        | Found a radiant altar of Vehumet.
   681 | D        | Found a shadowy altar of Dithmenos.
   681 | D        | Found a corrupted altar of Lugonu.
   681 | D        | Found an ancient bone altar of Kikubaaqudgha.
   683 | D        | Found a sacrificial altar of Ru.
   683 | D        | Found a viscous altar of Jiyva.
   683 | D        | Found a glowing golden altar of the Shining One.
   684 | D        | Found a snail-covered altar of Cheibriados.
   684 | D        | Found a sparkling altar of Nemelex Xobeh.
   684 | D        | Found a deep blue altar of Sif Muna.
   685 | D        | Found a blossoming altar of Fedhas.
   685 | D        | Found an iron altar of Okawaru.
   685 | D        | Found a basalt altar of Yredelemnul.
   686 | D        | Found a bloodstained altar of Trog.
   686 | D        | Found a roughly hewn altar of Beogh.
   687 | D        | Found a burning altar of Makhleb.
   687 | D        | Found a white marble altar of Elyvilon.
   688 | D        | Noticed a crocodile
   688 | D        | Noticed a yaktaur
   688 | D        | Noticed a wasp
   688 | D        | Noticed a polar bear
   691 | D        | Killed a crocodile
   743 | D        | Noticed a polar bear
   743 | D        | Noticed a polar bear
   744 | D        | Killed a polar bear
   744 | D        | Reached skill level 1 in Translocations
   744 | D        | Reached skill level 1 in Transmutations
   744 | D        | Reached skill level 1 in Earth Magic
   745 | D        | Killed a polar bear
   745 | D        | Reached skill level 10 in Spellcasting
   747 | D        | Killed a polar bear
   747 | D        | Reached skill level 13 in Stealth
   748 | D        | Killed a wasp
   750 | D        | Killed a yaktaur
   750 | D        | Reached XP level 9. HP: 39/39 MP: 22/24
   770 | D        | Became a worshipper of Dithmenos the Shadowed
   784 | D        | Noticed a crocodile
   784 | D        | Noticed a kraken
   789 | D        | Slain by a tentacle

Vault maps used:
D:        the_violet_keep_of_menkaure

Action                   |  1- 3 |  4- 6 |  7- 9 || total
-------------------------+-------+-------+-------++-------
Melee: Dagger            |     7 |    20 |    11 ||    38
 Cast: Confuse           |       |     3 |       ||     3
       Dazzling Spray    |       |     1 |     4 ||     5
       Ensorcelled Hiber |       |       |     2 ||     2
  Use: Potion            |       |     1 |       ||     1
 Stab: Sleeping          |     6 |     3 |    10 ||    19
       Confused          |       |     1 |       ||     1
